 Dungeon Crawl Stone Soup version 0.28.0-43-g3370ac3207 (webtiles) character file.

Game seed: 9875337290440274273

2090 Pinkishskies the Magician (level 9, -9/58 HPs)
             Began as a Djinni Fire Elementalist on Mar 22, 2022.
             Mangled by an orc warrior
             ... wielding a +0 flail
              (16 damage)
             ... on level 7 of the Dungeon.
             The game lasted 00:29:45 (10326 turns).

Pinkishskies the Magician (DjFE)                   Turns: 10326, Time: 00:29:45

Health: -9/58      AC:  5    Str:  7    XL:     9   Next: 52%
Gold:   196        EV: 12    Int: 20    God:
                   SH:  0    Dex: 15

rFire   + + .      SeeInvis .   l - staff of conjuration
rCold   x . .      Faith    .   (no shield)
rNeg    . . .      Spirit   .   p - +0 leather armour
rPois   ∞          Reflect  .   e - +0 helmet
rElec   .          Harm     .   (no cloak)
rCorr   .          Rampage  .   f - +0 pair of gloves
Will    .....                   (boots unavailable)
Stlth   ++........              (no amulet)
HPRegen 0.19/turn               (no ring)
MPRegen 0.00/turn               (no ring)

@: flying
A: sickness immunity, fire resistance 2, cold vulnerability 1, float, innate
caster, HP casting, extra vitality 1
a: no special abilities


You were on level 7 of the Dungeon.
You visited 1 branch of the dungeon, and saw 7 of its levels.

You collected 258 gold pieces.
You spent 62 gold pieces at shops.

Inventory:

Missiles
 c - 172 stones
 m - 17 poisoned darts
Armour
 a - a +0 robe
 e - a +0 helmet (worn)
 f - a +0 pair of gloves (worn)
 p - a +0 leather armour (worn)
 w - a +2 ring mail of poison resistance
Magical Staves
 l - a staff of conjuration (weapon)
Wands
 o - a wand of acid (10)
 y - a wand of charming (12)
Scrolls
 b - a scroll of brand weapon
 d - a scroll of enchant armour {unknown}
 g - 5 scrolls of teleportation
 i - a scroll of immolation {unknown}
 j - 3 scrolls of enchant weapon {unknown}
 k - a scroll of noise {unknown}
 n - 3 scrolls of blinking {unknown}
 q - 7 scrolls of identify
 v - a scroll of fog {unknown}
 z - a scroll of summoning {unknown}
Potions
 h - a potion of mutation {unknown}
 r - 2 potions of resistance {unknown}
 s - a potion of curing {unknown}
 t - 2 potions of degeneration {unknown}
 u - 3 potions of heal wounds {unknown}
 x - a potion of haste {unknown}


   Skills:
 + Level 1.8 Fighting
 + Level 3.6 Armour
 + Level 3.8 Dodging
 + Level 4.0 Stealth
 + Level 7.9 Spellcasting
 + Level 0.1 Evocations


You couldn't memorise any spells.
You knew the following spells:

 Your Spells              Type           Power      Damage    Failure   Level
a - Foxfire               Conj/Fire      100%       2x1d9     1%          1
b - Scorch                Fire           78%        2d8       1%          2
c - Conjure Flame         Conj/Fire      56%        6-21      1%          3
d - Inner Flame           Hex/Fire       39%        N/A       1%          3
e - Flame Wave            Conj/Fire      56%        2d11      4%          4
f - Sandblast             Erth           78%        2d17      1%          1
g - Searing Ray           Conj           100%       2d8       1%          2
h - Frozen Ramparts       Ice            78%        1d9       1%          3
i - Sticky Flame          Conj/Fire      56%        2d7       4%          4
Your spell library was empty.

Dungeon Overview and Level Annotations

Branches:
Dungeon (7/15)             Temple (0/1) D:7

Altars:
Makhleb
Qazlal
Ru
Yredelemnul

Shops:
D:4 [   D:5 ?

Annotations:
D:4 1 transporter, Ekaitz's ghost, amateur DsVM


Innate Abilities, Weirdness & Mutations

You are immune to sickness and miasma.
You are immune to poison.
Your flesh is very heat resistant. (rF++)
You are vulnerable to cold. (rC-)
You float through the air rather than walking.
You learn spells naturally, not from books.
Your magical power is your life essence.
You have superior vitality. (+4 MHP)


Message History

You feel a surge of power!
The fire begins to smoulder!
You feel a surge of power!
You conjure some foxfire!
The orc warrior barely misses you.
The orc priest calls upon Beogh to heal the orc warrior.
The orc warrior's wounds heal themselves!
You smother the flame.
Your foxfire dissipates!
The foxfire hits the orc warrior but does no damage.
You feel a surge of power!
You conjure some foxfire!
The orc priest mumbles some strange prayers to Beogh against you.
Beogh smites you! The orc warrior barely misses you.
Casting: Foxfire (safe; 1% risk of failure)
Confirm with . or Enter, or press ? or * to list all spells.
Aiming: Sandblast (safe; 1% risk of failure)
Press: ? - help, Shift-Dir - straight line, f - orc warrior
Aim: an orc warrior, wielding a +0 flail and wearing a +0 plate armour (ally target, 82% to hit)
The blast of sand hits the orc warrior.
The orc warrior is lightly wounded.
c - 172 stones The foxfire hits the orc warrior.
The orc warrior is moderately wounded.
The foxfire hits the orc warrior but does no damage.
The orc warrior is moderately wounded.
The orc priest mumbles some strange prayers to Beogh against you.
Beogh smites you! The orc warrior barely misses you.
The orc priest miscasts a cantrip.
The orc priest calls upon Beogh to heal the orc warrior.
The orc warrior is healed somewhat.
The orc priest looks encouraged for a moment.
The orc priest mumbles some strange prayers to Beogh against you.
Beogh smites you!
* * * LOW HITPOINT WARNING * * *
Aiming: Charm
Press: ? - help, Q - select action, (/) - cycle Shift-Dir - straight line, f/p - orc warrior
Aim: an orc warrior, wielding a +0 flail and wearing a +0 plate armour (lightly wounded, chance to affect: 49%)
The orc warrior resists with some effort.
The orc priest looks encouraged for a moment.
The orc warrior hits you with a +0 flail!
You die...

#....................##.<
#.....................#.. [.
#........................ 8..
#........................ ##_#
#.÷#.#.##.#..............
########..###.####...........#..
...........##...###..............
..##............##.<..###########
................@.....# ....
................o#....# ⌠.⌠...
...........)..........#..>.....>.
...............>...####....⌠.⌠...
#...........o.####..# .........
...........o.#####..#############
........###.####.....#...........
........###.#....................
#.....####.....................#


You could see an orc warrior and 2 orc priests.

Vanquished Creatures
  A steam dragon (D:7)
  2 water moccasins
  An ice beast (D:7)
  A black bear (D:6)
  3 ogres
  A necrophage (D:5)
  3 phantoms
  2 bullfrogs (D:7)
  4 scorpions
  2 water moccasin zombies
  A centaur zombie (D:5)
  3 hounds
  A bullfrog skeleton (D:7)
  4 iguanas
  4 orc wizards
  A killer bee zombie (D:7)
  A hound zombie (D:5)
  A gnoll (D:1)
  A howler monkey skeleton (D:5)
  4 adders
  A white imp (D:6)
  2 adder skeletons (D:4)
  2 dart slugs
  12 orcs
  6 endoplasms
  A giant cockroach (D:2)
  7 goblins
  9 hobgoblins
  2 jackals (D:2)
  8 kobolds
  3 quokkas
  8 ball pythons
  3 bats
  5 frilled lizards
  9 rats
119 creatures vanquished.

Vanquished Creatures (others)
  428 foxfires
  6 plants (D:4)
434 creatures vanquished.

Grand Total: 553 creatures vanquished

Notes
Turn   | Place    | Note
-------+----------+-------------------------------------------
     0 | D:1      | Pinkishskies the Djinni Fire Elementalist began the quest
                  | for the Orb.
     0 | D:1      | Reached XP level 1. HP: 15/15 MP: 0/0
   402 | D:1      | Reached XP level 2. HP: 12/21 MP: 0/0
   560 | D:1      | Found a faded altar of an unknown god.
   598 | D:1      | Reached skill level 3 in Spellcasting
   905 | D:1      | Reached XP level 3. HP: 22/25 MP: 0/0
   905 | D:1      | Learned a level 1 spell: Sandblast
  2274 | D:2      | You are sucked into a shaft and drop 1 floor!
  2312 | D:3      | Found a stormy altar of Qazlal.
  2337 | D:3      | Noticed an earth elemental
  2341 | D:3      | Noticed a fire elemental
  2349 | D:3      | Noticed a water elemental
  2349 | D:3      | Noticed an air elemental
  2861 | D:3      | Noticed a scorpion
  2865 | D:3      | Killed a scorpion
  2866 | D:3      | Reached XP level 4. HP: 26/31 MP: 0/0
  2866 | D:3      | Reached XP level 5. HP: 29/35 MP: 0/0
  2866 | D:3      | Learned a level 2 spell: Searing Ray
  3182 | D:3      | Reached skill level 4 in Spellcasting
  4143 | D:2      | Reached XP level 6. HP: 38/40 MP: 0/0
  4747 | D:4      | Noticed an ogre
  4750 | D:4      | Killed an ogre
  4811 | D:4      | Reached skill level 5 in Spellcasting
  4871 | D:4      | Found a transporter.
  4879 | D:4      | Noticed Ekaitz's ghost (amateur DsVM)
  4894 | D:4      | Found Doigese's Antique Armour Shoppe.
  4906 | D:4      | Bought a leather armour for 38 gold pieces
  4953 | D:4      | Found a sacrificial altar of Ru.
  5209 | D:4      | Reached XP level 7. HP: 38/45 MP: 0/0
  5209 | D:4      | Learned a level 3 spell: Frozen Ramparts
  5523 | D:5      | Entered Level 5 of the Dungeon
  5877 | D:5      | Found Zaesiofutt's Magic Scroll Emporium.
  5885 | D:5      | Bought a scroll of identify for 24 gold pieces
  6001 | D:5      | Reached skill level 1 in Armour
  6440 | D:5      | Found a burning altar of Makhleb.
  6504 | D:5      | HP: 1/45 [ogre/+0 giant club (14)]
  6909 | D:5      | Reached XP level 8. HP: 35/51 MP: 0/0
  7061 | D:5      | Reached skill level 1 in Fighting
  7114 | D:5      | Reached skill level 6 in Spellcasting
  8547 | D:6      | Reached XP level 9. HP: 44/58 MP: 0/0
  8547 | D:6      | Learned a level 4 spell: Sticky Flame
  9367 | D:6      | Reached skill level 7 in Spellcasting
  9638 | D:7      | Found a basalt altar of Yredelemnul.
  9800 | D:7      | Found a staircase to the Ecumenical Temple.
 10326 | D:7      | Mangled by an orc warrior

Illustrated notes

Levels and vault maps discovered:
D:1:      dpeg_arrival_rhombi, layout_loops_corners,
          ebering_ecumenical_altar_box, minmay_door_square
D:2:      layout_loops_ring, minmay_circle_x
D:3:      layout_loops_ring, nicolae_qazlal_style_of_elements
D:4:      layout_cave_pools, nicolae_ru_sacrificial_ziggurat, serial_shops,
          shop, gammafunk_ghost_gnarly_gnolls, corexii_item_surrounded_by_moat
D:5:      layout_loops_ring, mainiacjoe_overflow_24_doors, serial_shops, shop
D:6:      layout_loops_corners
D:7:      layout_cave_pools, nicolae_overflow_hidden_temple,
          kennysheep_little_box, minmay_temple_entry_from_below_b, serial_shops,
          nicolae_inconvenience_store

Skill      XL: |  1  2  3  4  5  6  7  8  9 |
---------------+----------------------------+-----
Spellcasting   | 3 4 5 6 7 |  7.9
Stealth        | 2 3 4 |  4.0
Armour         | 1 3 |  3.6
Fighting       | 1 |  1.8
Dodging        | 3 |  3.8
Evocations     | |  0.1

Action                   |  1- 3 |  4- 6 |  7- 9 || total
-------------------------+-------+-------+-------++-------
Melee: Staff             |       |       |     1 ||     1
 Cast: Foxfire           |    93 |    72 |   130 ||   295
       Scorch            |     3 |     4 |     1 ||     8
       Sandblast         |     3 |     3 |    24 ||    30
       Searing Ray       |       |     9 |    14 ||    23
       Inner Flame       |       |     1 |     2 ||     3
       Conjure Flame     |       |       |    16 ||    16
       Frozen Ramparts   |       |       |     1 ||     1
Evoke: Wand              |       |       |     2 ||     2
  Use: Scroll            |       |       |     3 ||     3
       Potion            |       |       |     1 ||     1
Armor: Robe              |     2 |     1 |       ||     3
       Leather armour    |       |       |    17 ||    17
Dodge: Dodged            |     1 |     9 |    30 ||    40
